 Dungeon Crawl Stone Soup version 0.30.0-29-ga12c61a403 (webtiles) character file.

Game seed: 15175705285598704376

46071 qw the Cleaver (level 14, 0/90 HPs)
             Began as a Gargoyle Fighter on June 3, 2023.
             Was an Elder of Okawaru.
             Slain by a seven-headed hydra (10 damage)
             ... on level 5 of the Lair of Beasts.
             The game lasted 00:09:55 (15994 turns).

qw the Cleaver (Gargoyle Fighter)                  Turns: 15994, Time: 00:09:56

Health: 0/90       AC: 41    Str: 30    XL:     14   Next: 35%
Magic:  20/21      EV: 15    Int: 10    God:    Okawaru [****..]
Gold:   842        SH: 13    Dex:  9    Spells: 13/13 levels left

rFire   . . .        t - +5 morningstar
rCold   . . .        n - +0 kite shield
rNeg    + . .        s - +3 plate armour
rPois   inf          (no helmet)
rElec   +            f - +2 cloak
rCorr   .            j - +2 pair of gloves
SInv    .            r - +2 pair of boots
Will    +....        w - amulet of the acrobat Stlth
                     k - +6 ring of strength
HPRegen 0.35/turn    p - +5 ring of evasion
MPRegen 0.17/turn

%: acrobat
@: heroic, flying
A: sickness immunity, AC +10, big wings, negative energy resistance 1,
electricity resistance, torment resistance 1, petrification resistance
a: Renounce Religion, Heroism, Finesse


You were on level 5 of the Lair of Beasts.
You worshipped Okawaru.
Okawaru was greatly pleased with you.
You visited 3 branches of the dungeon, and saw 17 of its levels.

You collected 1110 gold pieces.
You spent 268 gold pieces at shops.


Innate Abilities, Weirdness & Mutations

You are immune to sickness and miasma.
Your stone body is resilient. (AC +10)
You are immune to poison.
Your large and strong wings let you fly.
You resist negative energy. (rN+)
You are resistant to electric shocks. (rElec)
You are resistant to unholy torment.
You are immune to petrification.


   Skills:
 - Level 11.1(16.1) Fighting
 + Level 14.0(19.0) Axes
 - Level 4.2(9.2) Throwing
 - Level 10.1(15.1) Armour
 - Level 2.0(7.0) Dodging
 - Level 12.0(17.0) Shields
 - Level 10.0 Invocations


You had 13 spell levels left.
You didn't know any spells.
Your spell library was empty.

Inventory:

Hand Weapons
 t - a +5 morningstar (weapon)
 Y - a +3 war axe
Missiles
 u - 3 javelins (quivered)
 v - 3 boomerangs
Armour
 c - +0 acid dragon scales
 f - a +2 cloak (worn)
 j - a +2 pair of gloves (worn)
 n - a +0 kite shield (worn)
 r - a +2 pair of boots (worn)
 s - a +3 plate armour (worn)
 x - a +2 chain mail of fire resistance
Jewellery
 e - the ring "Sakhlall" {Ice rN+ MP+9 Str+5 Dex-3}
   (You found it on level 3 of the Lair of Beasts)

   [ring of ice]

   It enhances your ice magic.
   Str:       It affects your strength (+5).
   Dex:       It affects your dexterity (-3).
   rF:        It makes you vulnerable to fire.
   rC:        It protects you from cold.
   rN:        It protects you from negative energy.
   MP:        It affects your magic capacity (+9).
 k - a +6 ring of strength (left hand)
 p - a +5 ring of evasion (right hand)
 q - a ring of fire
 w - an amulet of the acrobat (around neck)
Scrolls
 m - 5 scrolls of identify
Potions
 a - 4 potions of mutation
 b - a potion of resistance
 d - 4 potions of might
 g - 3 potions of lignification
 h - 8 potions of attraction
 i - 3 potions of haste
 o - 7 potions of curing

Dungeon Overview and Level Annotations

Branches:
Dungeon (11/15)            Temple (1/1) D:7            Lair (5/5) D:11
  Swamp (0/4) Lair:3       Spider (0/4) Lair:2        Slime (0/5) Lair:5
    Orc (0/2) D:11

Altars:
Ashenzari
Cheibriados
Dithmenos
Elyvilon
Fedhas
Gozag
Hepliaklqana
Kikubaaqudgha
Makhleb
Nemelex Xobeh
Okawaru
Qazlal
Ru
Sif Muna
Trog
Uskayaw
Vehumet
Wu Jian
Xom
Yredelemnul
Zin
The Shining One
Jiyva

Shops:
D:2 [   D:7 !([

Annotations:
D:8 3 runed translucent doors, qw's ghost, novice GrFi
D:9 1 runed translucent door


Message History

The elephant is moderately wounded.
You sock the elephant!
The elephant is heavily wounded.
The elephant tramples you.
You hold your ground!
The elephant misses you.
You block the seven-headed hydra's attack. x3
The seven-headed hydra barely misses you.
The seven-headed hydra bites you but does no damage.
You block the seven-headed hydra's attack.
The seven-headed hydra closely misses you.
The six-headed hydra bites you but does no damage.
The six-headed hydra barely misses you. The six-headed hydra bites you.
The six-headed hydra barely misses you.
The six-headed hydra bites you but does no damage. x2
The elephant closely misses you. The elephant completely misses you.
A death yak comes into view.
The death yak gores you but does no damage.
The wolf stops to sniff the ground.
You hit the elephant.
The elephant is severely wounded.
The sentinel's mark upon you fades away.
The death yak gores you but does no damage.
The seven-headed hydra bites you!
The seven-headed hydra bites you but does no damage.
The seven-headed hydra barely misses you. x2
The seven-headed hydra bites you but does no damage. x2
You block the seven-headed hydra's attack.
The death yak snorts and paws the ground.
The elephant closely misses you.
The elephant trunk-slaps you but does no damage.
The six-headed hydra misses you.
You block the six-headed hydra's attack.
The six-headed hydra bites you.
The six-headed hydra closely misses you.
The six-headed hydra bites you but does no damage.
The six-headed hydra barely misses you. The elephant barely misses you. x2
You bludgeon the elephant!!
The elephant is almost dead.
The seven-headed hydra bites you but does no damage. x2
The seven-headed hydra misses you. The seven-headed hydra bites you!
You die...

...#.... .## ...
........ ...#.=.
...(...... ....#.8
......... ....... #
........ ....YYY ..
..P#P.. .##.SlD ...###.
##..
...YFhD#####.......###..
#D@...##...........
##YYY...#.#....<.#..
.#.YH.....###.#...#..
#.............#.###..
.Y....................
...........##....#..#..
............#####.(##...
............P###....#...
......................


You could see 3 death yaks, an eight-headed hydra, a seven-headed hydra, a
six-headed hydra, 2 elephants, a manticore, a komodo dragon, 4 yaks, a cane
toad, a water moccasin and a wolf.

Vanquished Creatures
  Snorg (D:10)
  4 hydras
  Erolcha (D:9)
  Harold (D:11)
  A catoblepas (Lair:5)
  A boulder beetle (Lair:1)
  3 two-headed ogres
  6 death yaks (Lair:2)
  Sonja (D:11)
  A skyshark (Lair:5)
  A lindwurm (Lair:3)
  3 oklob plants (Lair:4)
  8 elephants (Lair:5)
  4 black mambas
  A gargoyle (D:10)
  A torpor snail (Lair:3)
  An unseen horror (D:11)
  Maggie (D:9)
  12 cane toads
  6 komodo dragons
  2 rime drakes
  A queen bee (Lair:2)
  A meliai (Lair:2)
  3 trolls
  A polar bear (Lair:3)
  21 blink frogs
  46 yaks
  A basilisk (D:11)
  4 wyverns
  2 wraiths
  5 steam dragons
  5 swamp worms
  13 water moccasins
  A floating eye (Lair:4)
  An acid dragon (D:8)
  A black bear (D:11)
  8 orc warriors
  2 ice beasts
  4 sky beasts
  12 wolves
  2 phantoms (D:6)
  A centaur (D:11)
  2 kobold brigands
  2 gnoll sergeants
  11 bullfrogs
  A scorpion (D:7)
  8 wights (D:9)
  35 killer bees
  An electric eel (Lair:2)
  A hound (D:5)
  7 orc priests
  2 jellies
  2 gnoll boudas
  3 iguanas
  11 orc wizards
  4 hell rats (Lair:3)
  17 gnolls
  5 adders
  A shadow imp (D:6)
  A white imp (D:7)
  2 ufetubi
  A worm (D:3)
  58 orcs
  7 endoplasms
  6 giant cockroaches
  3 goblins
  14 hobgoblins
  11 jackals (D:3)
  14 kobolds
  2 quokkas (D:1)
  5 ball pythons
  6 bats
  7 frilled lizards
  5 rats
450 creatures vanquished.

Vanquished Creatures (others)
  A centaur warrior (D:8)
  A two-headed ogre (D:8)
  An orc warrior (D:8)
  A kobold brigand (D:8)
  2 bullfrogs (D:8)
  A howler monkey (D:8)
  A gnoll bouda (D:8)
  An orc wizard (D:8)
  2 orcs
11 creatures vanquished.

Grand Total: 461 creatures vanquished

Notes
Turn   | Place    | Note
-------+----------+-------------------------------------------
     0 | D:1      | qw the Gargoyle Fighter began the quest for the Orb.
     0 | D:1      | Reached XP level 1. HP: 14/14 MP: 1/1
     0 | D:1      | 0 ||| qw: Version: 0.2-a-103-g5a998e5
     0 | D:1      | 0 ||| qw: Game counter: 1034
     0 | D:1      | 0 ||| qw: Always use a shield: true
     0 | D:1      | 0 ||| qw: God list: Okawaru
     0 | D:1      | 0 ||| qw: Allow faded altars: false
     0 | D:1      | 0 ||| qw: Do Orc after D:15 true
     0 | D:1      | 0 ||| qw: Do second Lair branch before Depths: true
     0 | D:1      | 0 ||| qw: Lair rune preference: random
     0 | D:1      | 0 ||| qw: Plans: Normal, Zot:1-4, Slime:5, God:TSO, Crypt,
                  | Tomb, Pan, Hells, Abyss, Win
     0 | D:1      | 0 ||| PLANNING D:1-11
    96 | D:1      | 96 ||| Stepping ~*~*~tactically~*~*~ (hiding).
   104 | D:1      | Reached skill level 2 in Axes
   197 | D:1      | Reached XP level 2. HP: 19/19 MP: 2/2
   260 | D:1      | 260 ||| Stepping ~*~*~tactically~*~*~ (stealth).
   271 | D:1      | 271 ||| Stepping ~*~*~tactically~*~*~ (stealth).
   410 | D:1      | Reached skill level 3 in Axes
   606 | D:1      | Reached XP level 3. HP: 23/23 MP: 3/3
   652 | D:1      | 652 ||| UPGRADING to +0 pair of gloves.
   657 | D:1      | 657 ||| DROPPING ring of flight.
   658 | D:1      | 658 ||| UPGRADING to +6 ring of strength.
   659 | D:1      | 659 ||| READING 2 scrolls labelled IVESSE BETAECOFOESH.
   660 | D:1      | 660 ||| READING 4 scrolls labelled UJOKOASEDE.
   661 | D:1      | 661 ||| READING 2 scrolls labelled MIRUNL AMEACS.
   662 | D:1      | 662 ||| READING scroll labelled NEDAOR BIE.
   663 | D:1      | 663 ||| DROPPING scroll of blinking.
   664 | D:1      | 664 ||| DROPPING 3 scrolls of noise.
   665 | D:1      | 665 ||| DROPPING scroll of fog.
   740 | D:2      | 740 ||| Stepping ~*~*~tactically~*~*~ (stealth).
   746 | D:2      | 746 ||| Stepping ~*~*~tactically~*~*~ (stealth).
   970 | D:2      | Found Deusemiw's Antique Armour Emporium.
   979 | D:2      | 979 ||| SHOPLISTING plate armour (644 gold, have 55).
   979 | D:2      | 979 ||| SHOPLISTING shiny plate armour (728 gold, have 55).
  1370 | D:2      | 1370 ||| UPGRADING to +2 cloak.
  1375 | D:2      | 1375 ||| DRINKING 2 murky inky potions.
  1376 | D:2      | 1376 ||| DROPPING potion of brilliance.
  1412 | D:3      | 1412 ||| PLANNING SEWER
  1433 | D:3      | Reached XP level 4. HP: 28/28 MP: 4/4
  1477 | D:3      | You fall into a shaft and drop 2 floors!
  1477 | D:5      | Entered Level 5 of the Dungeon
  1543 | D:4      | 1543 ||| DROPPING +0 whip.
  1606 | D:4      | 1606 ||| UPGRADING to +5 ring of evasion.
  1607 | D:4      | 1607 ||| READING scroll labelled XUEREA OFUEKA.
  1608 | D:4      | 1608 ||| READING scroll labelled ZYOCEXO OZIWN.
  1620 | D:3      | Reached skill level 4 in Axes
  1776 | D:3      | 1776 ||| Stepping ~*~*~tactically~*~*~ (stealth).
  1954 | D:3      | Found a sacrificial altar of Ru.
  2016 | D:3      | Reached XP level 5. HP: 32/32 MP: 5/5
  2129 | D:3      | 2129 ||| RIP SEWER
  2132 | D:3      | 2132 ||| PLANNING D:1-11
  2459 | D:3      | 2459 ||| READING scroll labelled TIG ECOFUOHURO.
  2654 | D:4      | Found an opulent altar of Gozag.
  2722 | D:4      | Reached skill level 5 in Axes
  2960 | D:4      | 2960 ||| READING scroll of enchant armour.
  2960 | D:4      | 2960 ||| ENCHANTING +0 pair of gloves.
  3053 | D:4      | 3053 ||| UPGRADING to +0 plate armour.
  3063 | D:4      | 3063 ||| DROPPING +0 scale mail.
  3064 | D:4      | 3064 ||| READING 3 scrolls labelled VIOKLE WAURIE.
  3065 | D:4      | 3065 ||| READING 2 scrolls of enchant weapon.
  3065 | D:4      | 3065 ||| ENCHANTING +1 war axe.
  3066 | D:4      | 3066 ||| READING scroll of enchant weapon.
  3066 | D:4      | 3066 ||| ENCHANTING +2 war axe.
  3067 | D:4      | 3067 ||| DRINKING 2 dark potions.
  3068 | D:4      | 3068 ||| READING 2 scrolls of identify.
  3068 | D:4      | 3068 ||| IDENTIFYING murky white potion
  3069 | D:4      | 3069 ||| DROPPING potion of flight.
  3082 | D:5      | Found a radiant altar of Vehumet.
  3120 | D:5      | Noticed an ice beast
  3121 | D:5      | Reached XP level 6. HP: 36/38 MP: 6/6
  3130 | D:5      | Killed an ice beast
  3196 | D:5      | Reached skill level 6 in Axes
  3199 | D:5      | Reached XP level 7. HP: 14/43 MP: 7/7
  3530 | D:5      | 3530 ||| READING 2 scrolls of enchant armour.
  3530 | D:5      | 3530 ||| ENCHANTING +1 pair of gloves.
  3531 | D:5      | 3531 ||| READING scroll of enchant armour.
  3531 | D:5      | 3531 ||| ENCHANTING +0 plate armour.
  3639 | D:5      | 3639 ||| READING scroll labelled PEDATR UKLAOMA.
  3640 | D:5      | 3640 ||| READING scroll labelled QESOXZORODGH.
  3741 | D:5      | 3741 ||| DRINKING 2 glowing silvery potions.
  3846 | D:5      | 3846 ||| READING 2 scrolls of identify.
  3846 | D:5      | 3846 ||| IDENTIFYING murky emerald potion
  3847 | D:5      | 3847 ||| DROPPING potion of berserk rage.
  3880 | D:6      | Reached skill level 1 in Dodging
  3915 | D:6      | Identified the +11 quarterstaff of Jajerr {holy, Str+3}
  3930 | D:6      | Found a basalt altar of Yredelemnul.
  3955 | D:6      | Reached skill level 7 in Axes
  3967 | D:6      | 3967 ||| FLEEEEING.
  4022 | D:6      | 4022 ||| Stepping ~*~*~tactically~*~*~ (stealth).
  4024 | D:6      | 4024 ||| Stepping ~*~*~tactically~*~*~ (stealth).
  4025 | D:6      | 4025 ||| Stepping ~*~*~tactically~*~*~ (stealth).
  4026 | D:6      | 4026 ||| Stepping ~*~*~tactically~*~*~ (stealth).
  4027 | D:6      | 4027 ||| Stepping ~*~*~tactically~*~*~ (stealth).
  4028 | D:6      | 4028 ||| Stepping ~*~*~tactically~*~*~ (stealth).
  4034 | D:6      | 4034 ||| Stepping ~*~*~tactically~*~*~ (hiding).
  4035 | D:6      | 4035 ||| Stepping ~*~*~tactically~*~*~ (hiding).
  4043 | D:6      | Reached XP level 8. HP: 48/48 MP: 8/8
  4085 | D:6      | 4085 ||| DROPPING +0 flail.
  4095 | D:6      | 4095 ||| READING scroll of enchant armour.
  4095 | D:6      | 4095 ||| ENCHANTING +1 plate armour.
  4177 | D:6      | 4177 ||| Stepping ~*~*~tactically~*~*~ (hiding).
  4178 | D:6      | 4178 ||| Stepping ~*~*~tactically~*~*~ (hiding).
  4179 | D:6      | 4179 ||| Stepping ~*~*~tactically~*~*~ (hiding).
  4265 | D:6      | 4265 ||| Stepping ~*~*~tactically~*~*~ (stealth).
  4267 | D:6      | 4267 ||| Stepping ~*~*~tactically~*~*~ (stealth).
  4282 | D:6      | 4282 ||| Stepping ~*~*~tactically~*~*~ (stealth).
  4283 | D:6      | 4283 ||| Stepping ~*~*~tactically~*~*~ (stealth).
  4420 | D:6      | 4420 ||| Stepping ~*~*~tactically~*~*~ (hiding).
  4429 | D:6      | Reached skill level 8 in Axes
  4429 | D:6      | 4429 ||| Stepping ~*~*~tactically~*~*~ (stealth).
  4489 | D:6      | 4489 ||| READING scroll of enchant armour.
  4489 | D:6      | 4489 ||| ENCHANTING +2 plate armour.
  4596 | D:6      | 4596 ||| READING scroll labelled MUYSOUWOBO.
  4631 | D:6      | 4631 ||| READING 5 scrolls of identify.
  4631 | D:6      | 4631 ||| IDENTIFYING bubbling red potion
  4632 | D:6      | 4632 ||| READING 4 scrolls of identify.
  4632 | D:6      | 4632 ||| IDENTIFYING metallic sapphire potion
  4633 | D:6      | 4633 ||| READING 3 scrolls of identify.
  4633 | D:6      | 4633 ||| IDENTIFYING purple potion
  4634 | D:6      | 4634 ||| READING 2 scrolls of identify.
  4634 | D:6      | 4634 ||| IDENTIFYING golden potion
  4635 | D:6      | 4635 ||| DROPPING potion of degeneration.
  4663 | D:7      | Identified the +7 rapier "Efuch" {flame, rElec rF+ Int+3}
  4707 | D:7      | Reached skill level 6 in Fighting
  4708 | D:7      | 4708 ||| FLEEEEING.
  4709 | D:7      | 4709 ||| FLEEEEING.
  4710 | D:7      | 4710 ||| FLEEEEING.
  4711 | D:7      | 4711 ||| FLEEEEING.
  4712 | D:7      | 4712 ||| STAIRDANCE
  4712 | D:7      | HP: 11/52 [something/ball of steam (12)]
  4873 | D:7      | Reached XP level 9. HP: 56/56 MP: 9/9
  4873 | D:7      | Found Esi Dec's Weapon Shoppe.
  4898 | D:7      | Found a staircase to the Ecumenical Temple.
  4899 | D:7      | 4899 ||| PLANNING TEMPLE
  4907 | Temple   | Entered the Ecumenical Temple
  5145 | Temple   | 5145 ||| PLANNING D:1-11
  5195 | D:7      | Found a stormy altar of Qazlal.
  5195 | D:7      | Found a glowing golden altar of the Shining One.
  5286 | D:7      | 5286 ||| Stepping ~*~*~tactically~*~*~ (hiding).
  5289 | D:7      | 5289 ||| Stepping ~*~*~tactically~*~*~ (hiding).
  5309 | D:7      | HP: 8/56 [swamp worm (15)]
  5310 | D:7      | 5310 ||| DRINKING 3 potions of heal wounds.
  5314 | D:7      | HP: 14/56 [swamp worm (5)]
  5315 | D:7      | 5315 ||| DRINKING 2 potions of heal wounds.
  5320 | D:7      | Reached skill level 9 in Axes
  5562 | D:7      | Found Caqy's Armour Shop.
  5570 | D:7      | 5570 ||| BUYING +0 kite shield (58 gold).
  5570 | D:7      | Bought a +0 kite shield for 58 gold pieces
  5570 | D:7      | 5570 ||| SHOPLISTING +3 plate armour of cold resistance
                  | (585 gold, have 240).
  5666 | D:7      | Found Joitz's Distillery.
  5674 | D:7      | 5674 ||| BUYING potion of attraction (45 gold).
  5674 | D:7      | Bought a potion of attraction for 45 gold pieces
  5674 | D:7      | 5674 ||| BUYING potion of curing (45 gold).
  5674 | D:7      | Bought a potion of curing for 45 gold pieces
  5674 | D:7      | 5674 ||| BUYING potion of curing (45 gold).
  5674 | D:7      | Bought a potion of curing for 45 gold pieces
  5674 | D:7      | 5674 ||| BUYING potion of heal wounds (75 gold).
  5674 | D:7      | Bought a potion of heal wounds for 75 gold pieces
  5674 | D:7      | 5674 ||| SHOPLISTING potion of might (60 gold, have 30).
  5674 | D:7      | 5674 ||| SHOPLISTING potion of mutation (120 gold, have
                  | 30).
  5674 | D:7      | 5674 ||| UPGRADING to +0 kite shield.
  5684 | D:7      | 5684 ||| DROPPING +0 buckler.
  5685 | D:7      | 5685 ||| READING scroll labelled DOJEIF QAUSTRI.
  5784 | D:8      | 5784 ||| Stepping ~*~*~tactically~*~*~ (hiding).
  6342 | D:8      | 6342 ||| Stepping ~*~*~tactically~*~*~ (stealth).
  6344 | D:8      | 6344 ||| Stepping ~*~*~tactically~*~*~ (hiding).
  6361 | D:8      | Reached skill level 6 in Shields
  6467 | D:8      | 6467 ||| Stepping ~*~*~tactically~*~*~ (stealth).
  6515 | D:8      | Reached skill level 1 in Throwing
  6537 | D:8      | Identified the +1 sling of Division {freeze, rF+}
  6741 | D:8      | Noticed a two-headed ogre
  6742 | D:8      | 6742 ||| Stepping ~*~*~tactically~*~*~ (stealth).
  6743 | D:8      | 6743 ||| UPGRADING to +0 pair of boots.
  6749 | D:8      | Found a shimmering altar of Xom.
  6749 | D:8      | Noticed a centaur warrior
  6761 | D:8      | Killed a two-headed ogre
  6791 | D:8      | 6791 ||| FLEEEEING.
  6792 | D:8      | 6792 ||| FLEEEEING.
  6793 | D:8      | 6793 ||| FLEEEEING.
  6794 | D:8      | 6794 ||| FLEEEEING.
  6800 | D:8      | 6800 ||| FLEEEEING.
  6804 | D:8      | 6804 ||| FLEEEEING.
  6805 | D:8      | 6805 ||| FLEEEEING.
  6806 | D:8      | 6806 ||| FLEEEEING.
  6807 | D:8      | 6807 ||| FLEEEEING.
  6808 | D:8      | 6808 ||| FLEEEEING.
  6820 | D:8      | 6820 ||| FLEEEEING.
  6821 | D:8      | 6821 ||| FLEEEEING.
  6822 | D:8      | 6822 ||| FLEEEEING.
  6823 | D:8      | 6823 ||| FLEEEEING.
  6824 | D:8      | 6824 ||| FLEEEEING.
  6825 | D:8      | 6825 ||| STAIRDANCE
  6885 | D:8      | Reached XP level 10. HP: 48/61 MP: 10/10
  6931 | D:8      | Killed a centaur warrior
  7232 | D:8      | Found a runed translucent gate.
  7235 | D:8      | Found a runed translucent gate.
  7235 | D:8      | Found a runed translucent gate.
  7235 | D:8      | Noticed qw's ghost (novice GrFi)
  7236 | D:8      | Noticed qw's ghost (novice GrFi)
  7256 | D:8      | 7256 ||| Stepping ~*~*~tactically~*~*~ (hiding).
  7541 | D:9      | 7541 ||| Stepping ~*~*~tactically~*~*~ (hiding).
  7556 | D:9      | 7556 ||| Stepping ~*~*~tactically~*~*~ (hiding).
  7558 | D:9      | 7558 ||| Stepping ~*~*~tactically~*~*~ (hiding).
  7673 | D:9      | Found an iron altar of Okawaru.
  7674 | D:9      | 7674 ||| PLANNING OKAWARU WORSHIP
  7681 | D:9      | Became a worshipper of Warmaster Okawaru
  7681 | D:9      | 7681 ||| PLANNING D:1-11
  7706 | D:9      | Noticed Erolcha
  7717 | D:9      | Killed Erolcha
  7812 | D:9      | 7812 ||| Stepping ~*~*~tactically~*~*~ (cloud).
  7818 | D:9      | Noticed a two-headed ogre
  7819 | D:9      | Reached * piety under Okawaru
  7820 | D:9      | 7820 ||| FLEEEEING.
  7821 | D:9      | 7821 ||| FLEEEEING.
  7822 | D:9      | 7822 ||| FLEEEEING.
  7823 | D:9      | 7823 ||| FLEEEEING.
  7824 | D:9      | 7824 ||| FLEEEEING.
  7825 | D:9      | 7825 ||| FLEEEEING.
  7826 | D:9      | 7826 ||| FLEEEEING.
  7827 | D:9      | 7827 ||| FLEEEEING.
  7828 | D:9      | 7828 ||| FLEEEEING.
  7829 | D:9      | 7829 ||| FLEEEEING.
  7831 | D:9      | 7831 ||| FLEEEEING.
  7832 | D:9      | 7832 ||| FLEEEEING.
  7833 | D:9      | 7833 ||| FLEEEEING.
  7834 | D:9      | 7834 ||| FLEEEEING.
  7835 | D:9      | 7835 ||| FLEEEEING.
  7836 | D:9      | 7836 ||| FLEEEEING.
  7837 | D:9      | 7837 ||| INVOKING Heroism.
  7841 | D:9      | Killed a two-headed ogre
  7842 | D:9      | Reached skill level 9 in Shields
  7848 | D:9      | Reached skill level 1 in Invocations
  7854 | D:9      | 7854 ||| FLEEEEING.
  7905 | D:9      | 7905 ||| DROPPING +1 flail of draining.
  7926 | D:9      | 7926 ||| INVOKING Heroism.
  8013 | D:9      | 8013 ||| READING scroll of enchant armour.
  8013 | D:9      | 8013 ||| ENCHANTING +0 pair of boots.
  8144 | D:9      | Noticed Maggie
  8158 | D:9      | Killed Maggie
  8159 | D:9      | Reached skill level 3 in Invocations
  8186 | D:9      | Noticed a sixfirhy
  8187 | D:9      | Found a runed translucent door.
  8311 | D:9      | Reached ** piety under Okawaru
  8327 | D:9      | Reached skill level 10 in Axes
  8327 | D:9      | Reached XP level 11. HP: 51/67 MP: 14/14
  8612 | D:10     | Entered Level 10 of the Dungeon
  8622 | D:10     | 8622 ||| INVOKING Heroism.
  8630 | D:10     | 8630 ||| Stepping ~*~*~tactically~*~*~ (hiding).
  8635 | D:10     | 8635 ||| DRINKING 5 potions of curing.
  8635 | D:10     | 8635 ||| (to cure confusion)
  8777 | D:10     | 8777 ||| INVOKING Heroism.
  8903 | D:10     | 8903 ||| INVOKING Heroism.
  8930 | D:10     | 8930 ||| INVOKING Heroism.
  9013 | D:10     | Noticed Snorg
  9014 | D:10     | 9014 ||| INVOKING Heroism.
  9026 | D:10     | HP: 9/68 [Snorg (11)]
  9027 | D:10     | 9027 ||| DRINKING 2 potions of heal wounds.
  9034 | D:10     | Killed Snorg
  9181 | D:10     | Found a sparkling altar of Nemelex Xobeh.
  9278 | D:10     | 9278 ||| Stepping ~*~*~tactically~*~*~ (hiding).
  9543 | D:10     | Noticed a two-headed ogre
  9544 | D:10     | 9544 ||| INVOKING Heroism.
  9551 | D:10     | Killed a two-headed ogre
  9552 | D:10     | Reached skill level 11 in Axes
  9656 | D:10     | 9656 ||| READING 2 scrolls of identify.
  9656 | D:10     | 9656 ||| IDENTIFYING fuming cyan potion
  9657 | D:10     | 9657 ||| DROPPING potion of invisibility.
  9720 | D:11     | 9720 ||| Stepping ~*~*~tactically~*~*~ (hiding).
  9722 | D:11     | 9722 ||| Stepping ~*~*~tactically~*~*~ (hiding).
  9797 | D:11     | Found a staircase to the Lair.
  9834 | D:11     | Noticed Harold
  9835 | D:11     | 9835 ||| INVOKING Heroism.
  9844 | D:11     | Killed Harold
  9844 | D:11     | Reached *** piety under Okawaru
  9920 | D:11     | 9920 ||| Stepping ~*~*~tactically~*~*~ (stealth).
  9921 | D:11     | 9921 ||| Stepping ~*~*~tactically~*~*~ (hiding).
  9937 | D:11     | 9937 ||| INVOKING Heroism.
  9997 | D:11     | 9997 ||| Stepping randomly (disturbance).
 10000 | D:11     | Noticed Sonja
 10001 | D:11     | 10001 ||| Stepping ~*~*~tactically~*~*~ (stealth).
 10002 | D:11     | 10002 ||| Stepping ~*~*~tactically~*~*~ (hiding).
 10013 | D:11     | 10013 ||| INVOKING Heroism.
 10028 | D:11     | 10028 ||| Stepping ~*~*~tactically~*~*~ (hiding).
 10035 | D:11     | Killed Sonja
 10240 | D:11     | Reached skill level 9 in Fighting
 10284 | D:11     | 10284 ||| INVOKING Heroism.
 10305 | D:11     | Noticed a two-headed ogre
 10306 | D:11     | 10306 ||| Stepping ~*~*~tactically~*~*~ (stealth).
 10320 | D:11     | 10320 ||| FLEEEEING.
 10321 | D:11     | 10321 ||| FLEEEEING.
 10322 | D:11     | 10322 ||| FLEEEEING.
 10323 | D:11     | 10323 ||| FLEEEEING.
 10324 | D:11     | 10324 ||| FLEEEEING.
 10325 | D:11     | 10325 ||| FLEEEEING.
 10326 | D:11     | 10326 ||| FLEEEEING.
 10327 | D:11     | 10327 ||| FLEEEEING.
 10328 | D:11     | 10328 ||| FLEEEEING.
 10329 | D:11     | 10329 ||| FLEEEEING.
 10330 | D:11     | 10330 ||| FLEEEEING.
 10331 | D:11     | 10331 ||| FLEEEEING.
 10332 | D:11     | 10332 ||| FLEEEEING.
 10333 | D:11     | 10333 ||| FLEEEEING.
 10334 | D:11     | 10334 ||| FLEEEEING.
 10335 | D:11     | 10335 ||| FLEEEEING.
 10336 | D:11     | 10336 ||| FLEEEEING.
 10337 | D:11     | 10337 ||| FLEEEEING.
 10338 | D:11     | 10338 ||| FLEEEEING.
 10341 | D:11     | 10341 ||| FLEEEEING.
 10342 | D:11     | 10342 ||| FLEEEEING.
 10344 | D:11     | 10344 ||| FLEEEEING.
 10345 | D:11     | 10345 ||| FLEEEEING.
 10346 | D:11     | 10346 ||| FLEEEEING.
 10347 | D:11     | 10347 ||| FLEEEEING.
 10348 | D:11     | 10348 ||| FLEEEEING.
 10349 | D:11     | 10349 ||| FLEEEEING.
 10352 | D:11     | 10352 ||| FLEEEEING.
 10353 | D:11     | 10353 ||| FLEEEEING.
 10354 | D:11     | 10354 ||| FLEEEEING.
 10355 | D:11     | 10355 ||| FLEEEEING.
 10356 | D:11     | 10356 ||| FLEEEEING.
 10357 | D:11     | 10357 ||| FLEEEEING.
 10358 | D:11     | 10358 ||| STAIRDANCE
 10395 | D:10     | 10395 ||| READING 3 scrolls of identify.
 10395 | D:10     | 10395 ||| IDENTIFYING gluggy clear potion
 10396 | D:10     | 10396 ||| READING 2 scrolls of identify.
 10396 | D:10     | 10396 ||| IDENTIFYING coppery potion
 10399 | D:11     | 10399 ||| INVOKING Heroism.
 10404 | D:11     | Killed a two-headed ogre
 10583 | D:11     | Reached XP level 12. HP: 76/76 MP: 15/15
 10817 | D:11     | Found a staircase to the Orcish Mines.
 10834 | D:11     | 10834 ||| PLANNING LAIR
 10834 | D:11     | 10834 ||| UPGRADING to amulet of the acrobat.
 10872 | Lair:1   | Entered Level 1 of the Lair of Beasts
 11185 | Lair:1   | Reached **** piety under Okawaru
 11235 | Lair:1   | Reached skill level 12 in Axes
 11418 | Lair:1   | Noticed a boulder beetle
 11419 | Lair:1   | 11419 ||| INVOKING Heroism.
 11441 | Lair:1   | Killed a boulder beetle
 11624 | Lair:2   | 11624 ||| INVOKING Heroism.
 11641 | Lair:2   | Reached skill level 9 in Armour
 11704 | Lair:2   | 11704 ||| INVOKING Heroism.
 11779 | Lair:2   | 11779 ||| INVOKING Heroism.
 11848 | Lair:2   | Noticed a seven-headed hydra
 11849 | Lair:2   | 11849 ||| INVOKING Heroism.
 11856 | Lair:2   | 11856 ||| SWAPPING to +5 morningstar.
 11862 | Lair:2   | Killed a seven-headed hydra
 11863 | Lair:2   | Reached skill level 6 in Invocations
 11863 | Lair:2   | 11863 ||| SWAPPING to +3 war axe.
 11894 | Lair:2   | Received a gift from Okawaru
 11926 | Lair:2   | Found a hole to the Spider Nest.
 12050 | Lair:2   | 12050 ||| Stepping ~*~*~tactically~*~*~ (stealth).
 12057 | Lair:2   | 12057 ||| INVOKING Heroism.
 12111 | Lair:2   | 12111 ||| Stepping ~*~*~tactically~*~*~ (stealth).
 12113 | Lair:2   | 12113 ||| Stepping ~*~*~tactically~*~*~ (stealth).
 12114 | Lair:2   | 12114 ||| Stepping ~*~*~tactically~*~*~ (stealth).
 12123 | Lair:2   | 12123 ||| Stepping ~*~*~tactically~*~*~ (stealth).
 12243 | Lair:2   | Noticed a death yak
 12243 | Lair:2   | Noticed a death yak
 12244 | Lair:2   | 12244 ||| INVOKING Heroism.
 12245 | Lair:2   | Noticed a death yak
 12245 | Lair:2   | Noticed a death yak
 12247 | Lair:2   | Noticed a death yak
 12248 | Lair:2   | 12248 ||| Stepping ~*~*~tactically~*~*~ (stealth).
 12250 | Lair:2   | Noticed a death yak
 12256 | Lair:2   | Killed a death yak
 12261 | Lair:2   | Killed a death yak
 12268 | Lair:2   | Killed a death yak
 12268 | Lair:2   | Reached ***** piety under Okawaru
 12269 | Lair:2   | 12269 ||| INVOKING Finesse.
 12275 | Lair:2   | HP: 19/77 [death yak (19)]
 12276 | Lair:2   | 12276 ||| DRINKING potion of heal wounds.
 12278 | Lair:2   | Killed a death yak
 12279 | Lair:2   | Reached XP level 13. HP: 43/82 MP: 12/19
 12283 | Lair:2   | 12283 ||| INVOKING Heroism.
 12418 | Lair:2   | 12418 ||| INVOKING Heroism.
 12445 | Lair:2   | Reached skill level 9 in Invocations
 12745 | Lair:2   | 12745 ||| INVOKING Heroism.
 12775 | Lair:2   | 12775 ||| READING scroll labelled MAD UMUOFEM.
 12776 | Lair:2   | 12776 ||| DROPPING potion of ambrosia.
 12827 | Lair:3   | Found a shadowy altar of Dithmenos.
 12830 | Lair:3   | 12830 ||| Stepping ~*~*~tactically~*~*~ (stealth).
 12836 | Lair:3   | 12836 ||| INVOKING Heroism.
 12838 | Lair:3   | 12838 ||| Stepping ~*~*~tactically~*~*~ (stealth).
 12866 | Lair:3   | 12866 ||| INVOKING Heroism.
 12904 | Lair:3   | 12904 ||| INVOKING Heroism.
 12920 | Lair:3   | Reached skill level 13 in Axes
 13024 | Lair:3   | 13024 ||| FLEEEEING.
 13039 | Lair:3   | 13039 ||| INVOKING Heroism.
 13141 | Lair:3   | Identified the ring "Sakhlall" {Ice rN+ MP+9 Str+5 Dex-3}
 13143 | Lair:3   | You fall into a shaft and drop 2 floors!
 13143 | Lair:5   | Entered Level 5 of the Lair of Beasts
 13144 | Lair:5   | 13144 ||| INVOKING Heroism.
 13205 | Lair:5   | 13205 ||| Stepping ~*~*~tactically~*~*~ (stealth).
 13214 | Lair:5   | 13214 ||| INVOKING Heroism.
 13233 | Lair:5   | HP: 16/82 [komodo dragon (15)]
 13239 | Lair:5   | HP: 3/82 [komodo dragon (15)]
 13526 | Lair:5   | Found a staircase to the Slime Pits.
 13530 | Lair:5   | Found a viscous altar of Jiyva.
 13572 | Lair:5   | 13572 ||| Stepping ~*~*~tactically~*~*~ (stealth).
 13652 | Lair:5   | 13652 ||| INVOKING Heroism.
 14026 | Lair:3   | Received a gift from Okawaru
 14062 | Lair:3   | 14062 ||| INVOKING Heroism.
 14194 | Lair:3   | 14194 ||| INVOKING Heroism.
 14195 | Lair:3   | 14195 ||| INVOKING Finesse.
 14197 | Lair:3   | 14197 ||| SWAPPING to +5 morningstar.
 14206 | Lair:3   | Reached skill level 3 in Throwing
 14206 | Lair:3   | 14206 ||| SWAPPING to +3 war axe.
 14246 | Lair:3   | 14246 ||| Stepping ~*~*~tactically~*~*~ (stealth).
 14247 | Lair:3   | 14247 ||| Stepping ~*~*~tactically~*~*~ (stealth).
 14249 | Lair:3   | 14249 ||| Stepping ~*~*~tactically~*~*~ (hiding).
 14254 | Lair:3   | 14254 ||| INVOKING Heroism.
 14311 | Lair:3   | 14311 ||| Stepping ~*~*~tactically~*~*~ (stealth).
 14342 | Lair:3   | 14342 ||| Stepping ~*~*~tactically~*~*~ (stealth).
 14343 | Lair:3   | 14343 ||| Stepping ~*~*~tactically~*~*~ (stealth).
 14362 | Lair:3   | 14362 ||| INVOKING Heroism.
 14389 | Lair:3   | 14389 ||| Stepping ~*~*~tactically~*~*~ (hiding).
 14395 | Lair:3   | 14395 ||| INVOKING Heroism.
 14396 | Lair:3   | 14396 ||| SWAPPING to +5 morningstar.
 14403 | Lair:3   | Gained mutation: Your large and strong wings let you fly.
                  | [Gargoyle growth]
 14403 | Lair:3   | Reached XP level 14. HP: 48/88 MP: 19/21
 14403 | Lair:3   | 14403 ||| SWAPPING to +3 war axe.
 14522 | Lair:3   | Found a staircase to the Swamp.
 14835 | Lair:4   | 14835 ||| Stepping ~*~*~tactically~*~*~ (stealth).
 14837 | Lair:4   | 14837 ||| FLEEEEING.
 14838 | Lair:4   | 14838 ||| FLEEEEING.
 14854 | Lair:4   | 14854 ||| INVOKING Heroism.
 14862 | Lair:4   | Reached skill level 14 in Axes
 14876 | Lair:4   | 14876 ||| INVOKING Heroism.
 15235 | Lair:4   | 15235 ||| INVOKING Heroism.
 15252 | Lair:4   | 15252 ||| DRINKING potion of cancellation.
 15253 | Lair:4   | 15253 ||| INVOKING Finesse.
 15553 | Lair:4   | 15553 ||| READING scroll of enchant armour.
 15553 | Lair:4   | 15553 ||| ENCHANTING +1 pair of boots.
 15937 | Lair:5   | 15937 ||| INVOKING Heroism.
 15938 | Lair:5   | 15938 ||| SWAPPING to +5 morningstar.
 15947 | Lair:5   | Received a gift from Okawaru
 15948 | Lair:5   | 15948 ||| SWAPPING to +3 war axe.
 15979 | Lair:5   | 15979 ||| SWAPPING to +5 morningstar.
 15986 | Lair:5   | 15986 ||| INVOKING Heroism.
 15991 | Lair:5   | Reached skill level 12 in Shields
 15992 | Lair:5   | HP: 22/90 [six-headed hydra (4)]
 15993 | Lair:5   | HP: 10/90 [six-headed hydra (2)]
 15994 | Lair:5   | Slain by a seven-headed hydra

Levels and vault maps discovered:
D:1:      wheals_arrival_linesprint, layout_rooms
D:2:      layout_loops_cross, serial_shops, nicolae_shop_overgrown_old_shop
D:3:      layout_basic, lemuel_coloured_pillars_altar, serial_bayou,
          serial_bayou_lagoon_a, serial_bayou_ford_a, serial_bayou_pond_c,
          serial_bayou_shore_a, portal_sewer_entry_d
D:4:      layout_rooms, nicolae_overflow_crystal_walls, sigmund_army
D:5:      layout_basic, mainiacjoe_overflow_brackets
D:6:      layout_basic, mainiacjoe_overflow_chevrons
D:7:      layout_rooms, gammafunk_temple_overflow_pools,
          minmay_temple_entry_poolview, serial_shops, shop, nicolae_shop_stone,
          nicolae_shop_competitors_out_of_business, worms_lemuel
D:8:      layout_layer_cave, xom_confusion_cloud, special_room
          [special_room_orc], gammafunk_ghost_cemetery
D:9:      cheibrodos_shockbox, layout_basic, mainiacjoe_overflow_cross_hatched,
          uniq_maggie, uniq_erolcha
D:10:     layout_cave_pods, kennysheep_mini, uniq_snorg
D:11:     layout_stronghold, david_lair_generic, hiddenorc1_lemuel, uniq_harold,
          uniq_sonja
Temple:   oiseaux_autumnal_temple
Lair:1:   layout_cave_pods, nzn_sisyphean_effort, lemuel_fruit_tree
Lair:2:   layout_gridlike, hellmonk_spider_entry_not_the_bees, special_room
          [special_room_bee], lemuel_fruit_fields
Lair:3:   layout_chaotic_city, palyth_hydra_swamp_entry, basic_altar,
          lemuel_old_faithful
Lair:4:   layout_regular_city, disabler_island, infiniplex_staircase_pool_2,
          lemuel_fruit_fields
Lair:5:   evilmike_catoblepas_cave, layout_regular_city, slime_entry_1,
          grunt_megastairs_4

Skill      XL: |  1  2  3  4  5  6  7  8  9 10 11 12 13 14 |
---------------+-------------------------------------------+-----
Axes           | 2 3 4 5 6 7 8 9 10 11 12 13 14 | 14.0
Fighting       | 4 6 7 9 10 11 | 11.1
Armour         | 4 5 7 8 9 10 | 10.1
Dodging        | 1 2 |  2.0
Shields        | 8 9 10 11 12 | 12.0
Throwing       | 1 4 |  4.2
Invocations    | 4 8 10 | 10.0

Action                     |  1- 3 |  4- 6 |  7- 9 | 10-12 | 13-15 || total
---------------------------+-------+-------+-------+-------+-------++-------
  Melee: War axe           |   149 |   177 |   300 |   539 |   441 ||  1606
         Morningstar       |       |       |       |     6 |    37 ||    43
  Throw: Boomerang         |       |       |     2 |    53 |    41 ||    96
         Javelin           |       |       |       |     2 |    28 ||    30
 Invoke: Heroism           |       |       |       |    20 |    20 ||    40
         Finesse           |       |       |       |     1 |     2 ||     3
    Use: Scroll            |     4 |     8 |    13 |     4 |     2 ||    31
         Potion            |     1 |     1 |     3 |     3 |     1 ||     9
   Stab: Confused          |       |       |     1 |       |       ||     1
 Armour: Scale mail        |    86 |    53 |       |       |       ||   139
         Plate armour      |       |    25 |   200 |   258 |   284 ||   767
  Dodge: Dodged            |    67 |   160 |   172 |   241 |   306 ||   946
  Block: Buckler           |    19 |    46 |    30 |       |       ||    95
         Kite shield       |       |       |    71 |   303 |   340 ||   714

Table legend:
 A = Non-vault XP
 B = Vault XP
 C = Vault XP percentage of total XP
 D = Non-vault monster count
 E = Vault monster count
 F = Vault count percentage of total count
                 A         B        C        D         E       F
            +---------+---------+-------+---------+---------+-------
      Total |   48193 |   17624 |  26.8 |     337 |     113 |  25.1
            +---------+---------+-------+---------+---------+-------
        D:1 |      36 |       0 |   0.0 |      23 |       0 |   0.0
        D:2 |      43 |       0 |   0.0 |      19 |       0 |   0.0
        D:3 |      78 |      13 |  14.3 |      29 |       1 |   3.3
        D:4 |      51 |      12 |  19.0 |       5 |       6 |  54.5
        D:5 |     524 |       0 |   0.0 |      18 |       0 |   0.0
        D:6 |    1168 |       0 |   0.0 |      21 |       0 |   0.0
        D:7 |     836 |     330 |  28.3 |      11 |       2 |  15.4
        D:8 |     903 |     799 |  46.9 |      20 |      28 |  58.3
        D:9 |    3453 |    1260 |  26.7 |      32 |       2 |   5.9
       D:10 |    2501 |     906 |  26.6 |      20 |       1 |   4.8
       D:11 |    2990 |    2612 |  46.6 |      11 |      22 |  66.7
     Lair:1 |    1116 |     823 |  42.4 |       5 |       1 |  16.7
     Lair:2 |   12863 |    2498 |  16.3 |      36 |      32 |  47.1
     Lair:3 |    7592 |    3018 |  28.4 |      34 |       7 |  17.1
     Lair:4 |    4395 |    1937 |  30.6 |      21 |       4 |  16.0
     Lair:5 |    9644 |    3416 |  26.2 |      32 |       7 |  17.9
            +---------+---------+-------+---------+---------+-------
